 Dungeon Crawl Stone Soup version 0.21.1-1-g345015fe64 (webtiles) character file.

81 Kohma the Vexing (level 4, -7/21 HPs)
             Began as a Spriggan Enchanter on June 10, 2018.
             Killed by divine providence
             ... invoked by an orc priest
              (10 damage)
             ... on level 2 of the Dungeon.
             The game lasted 00:09:37 (2386 turns).

Kohma the Vexing (Spriggan Enchanter)               Turns: 2386, Time: 00:09:38

Health: -7/21      AC:  2    Str:  5    XL:     4   Next: 20%
Magic:  10/10      EV: 19    Int: 16    God:
Gold:   60         SH:  0    Dex: 16    Spells: 0/9 levels left

rFire    . . .     SeeInvis +   a - +1 dagger
rCold    . . .     Gourm    .   (shield restricted)
rNeg     . . .     Faith    .   b - +0 robe
rPois    .         Spirit   .   (helmet restricted)
rElec    .         Reflect  .   (no cloak)
rCorr    .         Harm     .   (gloves unavailable)
MR       .....                  (boots unavailable)
Stlth    +++.......             (no amulet)
HPRegen  0.07/turn              (no ring)
MPRegen  0.12/turn              (no ring)

@: very quick
A: very small, unfitting armour, see invisible, herbivore, speed 3, slow
metabolism 2
a: no special abilities


You were on level 2 of the Dungeon.
You were not hungry.

You visited 1 branch of the dungeon, and saw 3 of its levels.

You collected 60 gold pieces.

Inventory:

Hand Weapons
 a - a +1 dagger (weapon)
 g - a +0 dagger
Armour
 b - a +0 robe (worn)
 i - a +0 robe
Scrolls
 f - a scroll of immolation {unknown}
 h - a scroll of remove curse {unknown}
 j - a scroll of fog {unknown}
 k - a scroll of identify {unknown}
Potions
 e - a potion of mutation {unknown}
 l - a potion of degeneration {unknown}
Books
 c - a book of Maledictions

   Spells                             Type                      Level
   a - Corona                         Hexes                        1
   b - Ensorcelled Hibernation        Hexes/Ice                    2
   c - Confuse                        Hexes                        3
   d - Tukima's Dance                 Hexes                        3
   e - Dazzling Spray                 Conjuration/Hexes            3
Comestibles
 d - 5 rations


   Skills:
 * Level 2.5 Short Blades
 + Level 3.8 Dodging
 - Level 4.4 Stealth
 + Level 3.4 Spellcasting
 * Level 4.6 Hexes


You couldn't memorise any spells.
You knew the following spells:

 Your Spells              Type           Power        Failure   Level  Hunger
a - Corona                Hex            ###....      2%          1    None
b - Ensorcelled Hibernat  Hex/Ice        ##....       11%         2    ##.....
c - Confuse               Hex            ###.....     9%          3    ###....
d - Tukima's Dance        Hex            ###.....     9%          3    ###....


Dungeon Overview and Level Annotations

Branches:
Dungeon (3/15)

Altars:
Elyvilon


Innate Abilities, Weirdness & Mutations

You are very small and have problems with some larger weapons.
You are too small for most types of armour.
You have supernaturally acute eyesight. (SInv)
You are a herbivore.
You cover ground extremely quickly.
You need consume almost no food.


Message History

Found 12 gold pieces.
Found a stone staircase leading up.
There is a stone staircase leading up here.
You climb upwards.
There is a stone staircase leading down here.
You climb downwards.
You hear the sound of rushing water.
There is an entrance to a sewer on this level.
Hurry and find it before the portal rusts away!
The orc priest shouts!
The orc shouts! x2; The kobold shouts!
There is a stone staircase leading up here.
The orc throws a tomahawk.
The tomahawk hits you.
The orc priest invokes the aid of Beogh against you.
Pain shoots through your body!
Ouch! That really hurt!
The quokka bites you.
* * * LOW HITPOINT WARNING * * *
You climb upwards.
There is a stone staircase leading down here.
The orc priest calls down the wrath of Beogh upon you.
Beogh smites you!
You die...

#.############.
#.......)......
#######.############.
#.............. #.
#.#####.####### #.
#.# #.# #.
######.#####.# #.
.........o>##.# #.
######..##@##.# #.
#..##.##)# #.
....##.##.#######. #.
........##.........
#.
#...................
#.
#........##########.
#. #......... #.
......# #. ... ####.


You could see an orc priest.

Vanquished Creatures
  4 gnolls
  An ooze (D:1)
  A leopard gecko (D:1)
  A ball python (D:1)
  A giant cockroach (D:1)
  6 hobgoblins
  3 jackals (D:1)
  6 kobolds (D:1)
  6 bats
  3 frilled lizards (D:1)
  2 goblins (D:1)
  4 rats (D:1)
38 creatures vanquished.

Notes
Turn   | Place    | Note
-------+----------+-------------------------------------------
     0 | D:1      | Kohma the Spriggan Enchanter began the quest for the Orb.
     0 | D:1      | Reached XP level 1. HP: 9/9 MP: 5/5
   233 | D:1      | Reached XP level 2. HP: 5/13 MP: 2/6
   237 | D:1      | Learned a level 2 spell: Ensorcelled Hibernation
  1247 | D:1      | Found a white marble altar of Elyvilon.
  1338 | D:1      | Reached XP level 3. HP: 16/16 MP: 8/8
  1343 | D:1      | Learned a level 3 spell: Confuse
  2253 | D:1      | Reached XP level 4. HP: 20/21 MP: 5/10
  2332 | D:2      | Learned a level 3 spell: Tukima's Dance
  2386 | D:2      | Killed from afar by an orc priest

Skill      XL: |  1  2 |
---------------+-------+-----
Hexes          | 4 |  4.6
Spellcasting   | 3 |  3.4
Short Blades   | 2 |  2.5
Dodging        | |  3.8
Stealth        | |  4.4

Action                   |  1- 3 |  4- 6 || total
-------------------------+-------+-------++-------
Melee: Dagger            |   148 |     1 ||   149
 Cast: Corona            |    33 |       ||    33
       Ensorcelled Hiber |     8 |     2 ||    10
       Confuse           |     1 |       ||     1
 Stab: Sleeping          |    16 |     1 ||    17
Armor: Robe              |    29 |       ||    29
Dodge: Dodged            |   162 |     2 ||   164
